 Dungeon Crawl Stone Soup version 0.20-a0-522-g0b37eee (webtiles) character file.

23 wazuzu the Ogre Mage (level 2, -3/24 HPs)
             Began as an Ogre Wizard on Jan 25, 2017.
             Slain by a gnoll
             ... wielding a +0 whip
              (5 damage)
             ... on level 1 of the Dungeon.
             The game lasted 00:01:49 (1082 turns).

wazuzu the Ogre Mage (Ogre Wizard)                  Turns: 1082, Time: 00:01:50

Health: -3/24      AC:  3    Str: 10    XL:     2   Next: 95%
Magic:  0/7        EV: 10    Int: 19    God:
Gold:   62         SH:  0    Dex:  7    Spells: 8/9 levels left

rFire    . . .     SeeInvis .   i - +0 spear
rCold    . . .     Gourm    .   a - +0 robe
rNeg     . . .     Faith    .   (no shield)
rPois    .         Spirit   .   b - +0 hat
rElec    .         Reflect  .   (no cloak)
rCorr    .         Harm     .   (gloves unavailable)
MR       .....                  (boots unavailable)
Stlth    +.........             (no amulet)
Regen    0.1/turn               (no ring)
                                (no ring)

@: very slightly contaminated
A: unfitting armour, tough skin 1
a: no special abilities


You were on level 1 of the Dungeon.
You were hungry.

You visited 1 branch of the dungeon, and saw 2 of its levels.

You collected 62 gold pieces.

Inventory:

Hand Weapons
 i - a +0 spear (weapon)
Armour
 a - a +0 robe (worn)
 b - a +0 hat (worn)
Jewellery
 g - an uncursed amulet of faith {unknown}
Scrolls
 h - 2 scrolls of magic mapping {unknown}
 j - a scroll of identify {unknown}
 n - a scroll of remove curse {unknown}
 o - a scroll of fog {unknown}
Potions
 e - a potion of lignification {unknown}
 l - a potion of haste {unknown}
 m - a potion of curing {unknown}
Books
 c - a book of Minor Magic

   Spells                             Type                      Level
   a - Magic Dart                     Conjuration                  1
   b - Blink                          Translocation                2
   c - Call Imp                       Summoning                    2
   d - Repel Missiles                 Charms/Air                   2
   e - Slow                           Hexes                        2
   f - Conjure Flame                  Conjuration/Fire             3
   g - Mephitic Cloud                 Conjuration/Poison/Air       3
Comestibles
 d - a bread ration
 f - a meat ration
 k - 3 fruits


   Skills:
 - Level 1.7 Dodging
 - Level 1.4 Stealth
 + Level 4.3 Spellcasting
 + Level 1.6 Conjurations
   Level 0.8 Summonings
   Level 0.8 Translocations


You had 8 spell levels left.
You knew the following spells:

 Your Spells              Type           Power        Failure   Level  Hunger
a - Magic Dart            Conj           ##..         10%         1    None


Dungeon Overview and Level Annotations

Branches:
Dungeon (2/15)

Altars:


Innate Abilities, Weirdness & Mutations

You are too large for most types of armour.
You have tough skin. (AC +1)


Message History

The gnoll is heavily wounded.
The gnoll hits you with a whip.
* * * LOW HITPOINT WARNING * * *
Casting: Magic Dart
Confirm with . or Enter, or press ? or * to list all spells.
Aiming: Magic Dart
Press: ? - help, Shift-Dir - straight line, f/p - gnoll
Aim: a gnoll, wielding a whip (heavily wounded)
The magic dart hits the gnoll.
The gnoll is heavily wounded.
The gnoll hits you but does no damage.
Casting: Magic Dart
Confirm with . or Enter, or press ? or * to list all spells.
Aiming: Magic Dart
Press: ? - help, Shift-Dir - straight line, f/p - gnoll
Aim: a gnoll, wielding a whip (heavily wounded)
You miscast Magic Dart.
You are very lightly contaminated with residual magic.
Wisps of smoke drift from your hands. The gnoll hits you with a whip.
You die...

###..# #.#
#....#.##.......#
.....# #.#
######.##.......#
###.## #.#
###.###......# #.# #.#
#.#.# #......# #.# #.#
#.#.###......# #.# #.#
#.#..........# #.# #.#
#.####.......# #.#
#.#######.####.......#
#.######
#....@g..............#
#......#
##......>.#####......#
######.# #.########
######## #.# #.# ##
#.# #.# #. #.####.# #.
#......# #. ########
#. #.


You could see a gnoll.

Vanquished Creatures
  2 oozes
  A goblin (D:1)
  2 hobgoblins
  A kobold (D:1)
  4 bats (D:1)
  2 frilled lizards (D:1)
  3 rats
15 creatures vanquished.

Vanquished Creatures (others)
  4 toadstools (D:1)
4 creatures vanquished.

Grand Total: 19 creatures vanquished

Notes
Turn   | Place    | Note
-------+----------+-------------------------------------------
     0 | D:1      | wazuzu the Ogre Wizard began the quest for the Orb.
     0 | D:1      | Reached XP level 1. HP: 16/16 MP: 5/5
    12 | D:1      | Reached skill level 1 in Conjurations
   307 | D:1      | Reached XP level 2. HP: 21/24 MP: 6/6
   428 | D:1      | Reached skill level 4 in Spellcasting
  1082 | D:1      | Slain by a gnoll

Vault maps used:
D:1:      ldierk_water_garden
D:2:      old_standard_altar, nicolae_tso_swordbearing_angel

Skill      XL: |  1  2 |
---------------+-------+-----
Conjurations   | 1 |  1.6
Spellcasting   | 4 |  4.3
Dodging        | |  1.7
Stealth        | |  1.4
Summonings     | |  0.8
Translocations | |  0.8

Action                   || total
-------------------------++-------
Melee: Spear             ||    46
       Unarmed           ||     1
 Cast: Magic Dart        ||    24
 Stab: Sleeping          ||     2
Armor: Robe              ||    20
Dodge: Dodged            ||    26
